 Dungeon Crawl Stone Soup version 0.18-a0-1485-g189885c (webtiles) character file.

918 Qrupt the Cleaver (level 8, -2/62 HPs)
             Began as a Hill Orc Gladiator on Mar 4, 2016.
             Slain by an ogre
             ... wielding a +0 giant spiked club
              (22 damage)
             ... on level 5 of the Dungeon.
             The game lasted 00:12:06 (4479 turns).

Qrupt the Cleaver (Hill Orc Gladiator)              Turns: 4479, Time: 00:12:07

Health: -2/62      AC:  8    Str: 20    XL:     8   Next: 9%
Magic:  8/8        EV: 12    Int:  8    God:
Gold:   249        SH:  0    Dex: 11    Spells: 0 memorised, 7 levels left

rFire  + . .     SeeInvis .     a - +1 war axe
rCold  . . .     Gourm    .     d - +2 leather armour {rF+}
rNeg   . . .     Faith    .     (no shield)
rPois  .         Spirit   .     c - +0 helmet
rElec  .         Dismiss  .     l - +0 cloak
rCorr  +         Reflect  .     m - +0 pair of gloves
SustAt .         Harm     .     (no boots)
MR     .....                    (no amulet)
Stlth  +.........               (no ring)
                                q - ring of resist corrosion

@: not resistant to hostile enchantments, very unstealthy
A: no striking features
a: no special abilities


You were on level 5 of the Dungeon.
You were not hungry.

You visited 1 branch of the dungeon, and saw 5 of its levels.

You collected 249 gold pieces.

Inventory:

Hand Weapons
 a - a +1 war axe (weapon)
Armour
 b - a +0 leather armour
 c - a +0 helmet (worn)
 d - a +2 leather armour of fire resistance (worn)
 l - a +0 cloak (worn)
 m - a +0 pair of gloves (worn)
Jewellery
 e - a +3 ring of protection {unknown}
 q - a ring of resist corrosion (left hand)
Wands
 s - a wand of enslavement (6/24)
Scrolls
 h - 5 scrolls of remove curse
 i - 2 scrolls of identify
 j - 2 scrolls of immolation {unknown}
 o - 2 scrolls of fear
 p - a scroll of enchant weapon
Potions
 g - a potion of agility {unknown}
Comestibles
 f - 2 bread rations
 k - 2 meat rations
 n - 2 slices of pizza
 r - 6 chunks of flesh


   Skills:
 - Level 2.4 Fighting
 + Level 12.0 Axes
 - Level 1.7 Throwing
 - Level 2.4 Dodging


You had 7 spell levels left.
You didn't know any spells.

Dungeon Overview and Level Annotations

Branches:
Dungeon (5/15)
 Temple: D:4-7

Altars:
Ashenzari
Gozag
Kikubaaqudgha
Okawaru
Xom
Yredelemnul


Message History

You have reached level 8!
The ogre closely misses you.
Things that are here:
a giant spiked club; an ogre corpse You hit the ogre but do no damage.
You slash the ogre!
The ogre is moderately wounded.
The ogre closely misses you.
You slash the ogre!
The ogre is severely wounded.
The ogre hits you with a giant spiked club!
You hit the ogre but do no damage.
The ogre is severely wounded.
You hit the ogre.
The ogre is severely wounded.
The ogre hits you with a giant spiked club!!
You hit the ogre.
The ogre is severely wounded.
The ogre hits you with a giant spiked club!!
You die...

#. # .. #. .## #.. ..#
.... ..## ###########
.....#..# #........<#
.......O# #.......).#
#.#@## #.........#
..#....#####.........#
........†.............#
#####...####..........#
#.# ##.................
..# ...#####>.........#
#.# ###.# #..........#
..# ##.##.#.#.### ###
#.<..).....#


You could see an ogre.

Vanquished Creatures
  Edmund (D:3)
  3 ogres
  A howler monkey (D:4)
  3 orc priests
  A centaur skeleton (D:5)
  A gnoll shaman (D:4)
  A hound (D:4)
  2 orc wizards (D:4)
  A worker ant (D:4)
  5 adders
  10 gnolls
  A shadow imp (D:5)
  An ooze (D:3)
  A worm (D:2)
  2 dart slugs
  6 giant geckos
  6 orcs
  3 ball pythons
  10 giant cockroaches
  7 goblins
  4 hobgoblins
  9 kobolds
  3 quokkas
  6 bats
  A giant gecko skeleton (D:5)
  6 giant newts
  6 rats
101 creatures vanquished.

Notes
Turn   | Place    | Note
--------------------------------------------------------------
     0 | D:1      | Qrupt the Hill Orc Gladiator began the quest for the Orb.
     0 | D:1      | Reached XP level 1. HP: 18/18 MP: 1/1
    97 | D:1      | Reached XP level 2. HP: 13/25 MP: 2/2
   269 | D:1      | Reached skill level 5 in Axes
   558 | D:1      | Reached XP level 3. HP: 30/30 MP: 3/3
   842 | D:2      | Reached skill level 6 in Axes
  1062 | D:2      | Reached XP level 4. HP: 37/37 MP: 4/4
  1373 | D:3      | Found a shattered altar of Ashenzari.
  1432 | D:2      | Reached skill level 7 in Axes
  1664 | D:3      | Found a basalt altar of Yredelemnul.
  2062 | D:3      | Reached XP level 5. HP: 14/42 MP: 5/5
  2284 | D:3      | Reached skill level 8 in Axes
  2946 | D:3      | Reached XP level 6. HP: 30/50 MP: 6/6
  3240 | D:4      | Found an opulent altar of Gozag.
  3242 | D:4      | Found an ancient bone altar of Kikubaaqudgha.
  3290 | D:4      | Reached skill level 9 in Axes
  3353 | D:4      | Reached skill level 10 in Axes
  3353 | D:4      | Reached XP level 7. HP: 53/56 MP: 7/7
  3437 | D:4      | Noticed Edmund
  3498 | D:3      | Killed Edmund
  3692 | D:4      | Found a shimmering altar of Xom.
  3693 | D:4      | Found an iron altar of Okawaru.
  3816 | D:5      | Entered Level 5 of the Dungeon
  3835 | D:4      | Reached skill level 11 in Axes
  4472 | D:5      | Reached skill level 12 in Axes
  4472 | D:5      | Reached XP level 8. HP: 62/62 MP: 8/8
  4479 | D:5      | Slain by an ogre

Vault maps used:
D:1:      dpeg_arrival_tiny_i, minmay_surrounded
D:3:      nicolae_overflow_crystal_walls, first_bread,
          minmay_misc_feat_more_columns, serial_bayou_pond_d,
          cheibrodos_ashenzari_chains
D:4:      nicolae_overflow_hidden_temple, grunt_temple_overflow_open,
          uniq_edmund
D:5:      serial_shops, nicolae_shop_waterfront, okawaru_metal_pillars_1_2

Skill      XL: |  1  2  3  4  5  6  7 |
---------------+----------------------+-----
Axes           | 5 6 7 8 10 12 | 12.0
Fighting       | |  2.4
Throwing       | |  1.7
Dodging        | |  2.4

Action                   |  1- 3 |  4- 6 |  7- 9 || total
-------------------------+-------+-------+-------++-------
Melee: War axe           |    89 |   170 |    89 ||   348
Throw: Throwing net      |       |     2 |     4 ||     6
  Use: Scroll            |       |     7 |       ||     7
       Potion            |       |     1 |     5 ||     6
 Stab: Sleeping          |     1 |       |       ||     1
       Held in net/web   |       |       |     1 ||     1
  Eat: Chunk             |       |     8 |     4 ||    12
